 Dungeon Crawl Stone Soup version 0.25.0-1-g7eea58d2a3 (webtiles) character file.

Game seed: 13407542510078914068

44 DeadF the Sneak (level 3, -5/14 HPs)
             Began as a Felid Enchanter on June 13, 2020.
             Slain by a worm (10 damage)
             ... on level 2 of the Dungeon.
             The game lasted 00:02:40 (1780 turns).

DeadF the Sneak (Felid Enchanter)                   Turns: 1780, Time: 00:02:42

Health: -5/14      AC:  1    Str:  4    XL:     3   Next: 41%
Magic:  7/7        EV: 19    Int: 16    God:
Gold:   40         SH:  0    Dex: 17    Spells: 3/6 levels left
                                        Lives:  0   Deaths: 0

rFire    . . .     SeeInvis +     - Unarmed
rCold    . . .     Gourm    .   (shield unavailable)
rNeg     . . .     Faith    .   (armour unavailable)
rPois    .         Spirit   .   (helmet unavailable)
rElec    .         Reflect  .   (cloak unavailable)
rCorr    .         Harm     .   (gloves unavailable)
MR       .....                  (boots unavailable)
Stlth    ++++......             (no amulet)
HPRegen  0.04/turn              (no ring)
MPRegen  0.10/turn              (no ring)

@: quick
A: very small, no armour, no weapons or thrown items, stealth, claws 1, fangs 3,
see invisible, carnivore, speed 1, shaggy fur 1, slow metabolism 1, sharp paws
a: no special abilities


You were on level 2 of the Dungeon.
You were completely stuffed.

You visited 1 branch of the dungeon, and saw 2 of its levels.

You collected 40 gold pieces.

Inventory:

Scrolls
 c - 2 scrolls of identify {unknown}
 e - a scroll of enchant armour {unknown}
 i - a scroll of remove curse {unknown}
Potions
 a - 2 potions of degeneration {unknown}
 d - a potion of might {unknown}
 f - a potion of brilliance {unknown}
 h - a potion of heal wounds {unknown}
 j - a potion of curing {unknown}
Comestibles
 b - 3 rations


   Skills:
 + Level 4.1 Dodging
 + Level 5.3 Stealth
 - Level 1.0 Unarmed Combat
 - Level 2.0 Spellcasting
 - Level 4.4 Hexes


You had 3 spell levels left.
You knew the following spells:

 Your Spells              Type           Power        Failure   Level  Hunger
a - Corona                Hex            ###....      3%          1    #......
b - Ensorcelled Hibernat  Hex/Ice        #.....       13%         2    ###....

Your spell library contained the following spells:

 Spells                   Type           Power        Failure   Level  Hunger
 Confusing Touch          Hex            ###.....     11%         3    ###....
 Tukima's Dance           Hex            ###.....     11%         3    ###....
 Dazzling Flash           Conj/Hex       #.....       26%         3    ###....


Dungeon Overview and Level Annotations

Branches:
Dungeon (2/15)

Altars:


Innate Abilities, Weirdness & Mutations

You cannot wear armour.
You are incapable of wielding weapons or throwing items.
Your paws allow you to move quietly. (Stealth)
You have sharp claws.
You have razor-sharp teeth.
You have supernaturally acute eyesight. (SInv)
You are carnivorous and can eat meat at any time.
You cover ground quickly.
You are covered in fur. (AC +1)
You have a slow metabolism.
Your sharp claws are effective at attacking unaware monsters.


Message History

Confirm with . or Enter, or press ? or * to list all spells.
Aiming: Ensorcelled Hibernation (safe; 13% risk of failure)
Press: ? - help, Shift-Dir - straight line, f/p - worm
Aim: a worm (chance to defeat MR: 49%)
The worm looks drowsy...
You start resting.
Eating a chunk of flesh.
You eat the chunk of flesh.
This raw flesh tastes great.
Magic restored.
A hobgoblin comes into view. It is wielding a +0 club.
The hobgoblin moves out of view.
You scratch the worm but do no damage. The worm bites you!
Ouch! That really hurt!
You scratch the worm.
The worm is lightly wounded.
You barely miss the worm. You bite the worm, but do no damage.
The worm is lightly wounded.
A bat comes into view.
The worm bites you!
Ouch! That really hurt!
You die...

#..# #?.# .$.b ...# #..#
#..# # # #w.##.### #
#@.......
################......##
.....................##
################..##.#
###### #..# # .....#
#.... ####.# ...### ..#
#..# ..# #..#


You could see a worm and a bat.

Vanquished Creatures
  An adder (D:2)
  2 oozes
  2 ball pythons (D:1)
  6 bats
  4 hobgoblins
  2 frilled lizards
  7 kobolds
  3 rats
27 creatures vanquished.

Notes
Turn   | Place    | Note
-------+----------+-------------------------------------------
     0 | D:1      | DeadF the Felid Enchanter began the quest for the Orb.
     0 | D:1      | Reached XP level 1. HP: 7/7 MP: 4/4
   732 | D:1      | Reached XP level 2. HP: 11/11 MP: 6/6
   737 | D:1      | Learned a level 2 spell: Ensorcelled Hibernation
  1358 | D:2      | Reached skill level 5 in Stealth
  1413 | D:2      | Reached XP level 3. HP: 14/14 MP: 4/7
  1780 | D:2      | Slain by a worm

Illustrated notes

Levels and vault maps discovered:
D:1:      dpeg_chamrin_arrival_tetris, layout_basic
D:2:      layout_basic, grunt_temple_overflow_opulence, supply_closet_lemuel

Skill      XL: |  1  2  3 |
---------------+----------+-----
Dodging        | 3 4 |  4.1
Stealth        | 5 |  5.3
Unarmed Combat | |  1.0
Spellcasting   | |  2.0
Hexes          | |  4.4

Action                   || total
-------------------------++-------
Melee: Unarmed           ||    76
       Bite              ||     8
 Cast: Corona            ||     2
       Ensorcelled Hiber ||     9
 Stab: Sleeping          ||    17
  Eat: Chunk             ||    10
Armor: Skin              ||     6
Dodge: Dodged            ||    76
